 Dungeon Crawl Stone Soup version 0.28.0-53-g5a82cb258f (webtiles) character file.

Game seed: 14074599968892139505

24 styxcanada the Sneak (level 2, 0/14 HPs)
             Began as a Spriggan Brigand on Aug 20, 2022.
             Succumbed to a kobold's poison
             ... on level 2 of the Dungeon.
             The game lasted 00:04:37 (1367 turns).

styxcanada the Sneak (Spriggan Brigand)             Turns: 1367, Time: 00:04:37

Health: 0/14       AC:  4    Str:  7    XL:     2   Next: 79%
Magic:  3/3        EV: 15    Int: 12    God:
Gold:   31         SH:  5    Dex: 16    Spells: 1/1 levels left

rFire   . . .      SeeInvis +   a - +2 dagger
rCold   . . .      Faith    .   j - +0 buckler
rNeg    . . .      Spirit   .   b - +0 robe
rPois   .          Reflect  .   h - +1 hat
rElec   .          Harm     .   c - +0 cloak
rCorr   .          Rampage  .   (gloves unavailable)
Will    .....                   (boots unavailable)
Stlth   ++++......              (no amulet)
HPRegen 0.04/turn               (no ring)
MPRegen 0.08/turn               (no ring)

@: lethally poisoned (0 -> -17), very quick
A: very small, no large weapons, unfitting armour, see invisible, speed 3
a: no special abilities


You were on level 2 of the Dungeon.
You visited 1 branch of the dungeon, and saw 2 of its levels.

You collected 31 gold pieces.

Inventory:

Hand Weapons
 a - a +2 dagger (weapon)
Missiles
 d - 9 poisoned darts (quivered)
 e - 2 curare-tipped darts
Armour
 b - a +0 robe (worn)
 c - a +0 cloak (worn)
 h - a +1 hat (worn)
 j - a +0 buckler (worn)
Scrolls
 g - a scroll of fear {unknown}
 i - a scroll of amnesia {unknown}
Potions
 f - a potion of lignification {unknown}


   Skills:
 * Level 1.5 Fighting
 + Level 2.2 Short Blades
 + Level 2.0 Throwing
 * Level 1.7 Dodging
 * Level 7.0 Stealth
 * Level 0.4 Spellcasting


You had one spell level left.
You didn't know any spells.
Your spell library contained the following spells:

 Spells                   Type           Power      Damage    Failure   Level
 Ensorcelled Hibernation  Hex/Ice        0%         N/A       71%         2
 Passwall                 Tmut/Erth      0%         N/A       71%         2
 Swiftness                Air            0%         N/A       91%         3


Dungeon Overview and Level Annotations

Branches:
Dungeon (2/15)

Altars:


Innate Abilities, Weirdness & Mutations

You are very small and have problems with some larger weapons.
You are too small for most types of armour.
You have supernaturally acute eyesight. (SInv)
You cover ground extremely quickly. (Speed+++)


Message History

(D) Dungeon
Where to? (? - help)
What level of the Dungeon? (default 1, ? - help)
There is a stone staircase leading down here.
You climb downwards.
Found an escape hatch in the ceiling.
Found a stone staircase leading down.
There is a stone staircase leading up here.
There is a stone staircase leading down here.
There is a stone staircase leading down here.
A kobold comes into view.
It is wielding a +1 short sword of venom.
Found 3 gold pieces.
The kobold shouts!
You hear a shout!
The kobold hits you but does no damage.
You are poisoned.
You hit the kobold.
The kobold is moderately wounded.
You feel sick.
The kobold hits you with a +1 short sword of venom.
You hit the kobold but do no damage.
The kobold is moderately wounded.
You feel sick.
A goblin comes into view. It is wielding a +0 dagger.
The kobold closely misses you.
The goblin shouts!
You hit the kobold but do no damage.
The kobold is moderately wounded.
You feel sick. You block the kobold's attack.
You hit the kobold.
The kobold is heavily wounded.
You feel sick.
The kobold hits you with a +1 short sword of venom.
* * * LOW HITPOINT WARNING * * *
You are lethally poisoned!
You miss the kobold.
The kobold is heavily wounded.
* * * LOW HITPOINT WARNING * * *
You feel very sick. The kobold hits you but does no damage.
You are more poisoned.
You die...

#.### #. #.#.. #.
#.#.# #. #.#.# ##.#
#.#.# ...# #.#.#
#.#.####.#.######.#
#$##......>.......#
#K.@..##.#.########
#.....##.###.#.#
...###.#.####.#.###
. #........<...#
#..........#.#
.....###....#.#
#.... #....# #
..... ....#.#
##...#.#


You could see a kobold.

Vanquished Creatures
  2 endoplasms (D:1)
  A giant cockroach (D:1)
  4 goblins (D:1)
  3 hobgoblins (D:1)
  A jackal (D:1)
  A quokka (D:1)
  2 ball pythons (D:1)
  2 frilled lizards (D:1)
  3 kobolds (D:1)
  3 rats (D:1)
22 creatures vanquished.

Notes
Turn   | Place    | Note
-------+----------+-------------------------------------------
     0 | D:1      | styxcanada the Spriggan Brigand began the quest for the
                  | Orb.
     0 | D:1      | Reached XP level 1. HP: 10/10 MP: 2/2
     3 | D:1      | Noticed an electric eel
     4 | D:1      | Noticed an electric eel
    34 | D:1      | Reached skill level 6 in Stealth
   128 | D:1      | Reached XP level 2. HP: 6/14 MP: 3/3
   971 | D:1      | Reached skill level 7 in Stealth
  1367 | D:2      | Succumbed to a kobold's poison

Illustrated notes

Levels and vault maps discovered:
D:1:      arrival_aquarium_b, layout_basic, minmay_heptomino_h4
D:2:      layout_loops_ring, dreamdust_ecumenical_altar_sealed_demon,
          minmay_fractal_squares_gapless_5, uniq_sigmund

Skill      XL: |  1  2 |
---------------+-------+-----
Stealth        | 6 7 |  7.0
Fighting       | |  1.5
Short Blades   | |  2.2
Throwing       | |  2.0
Dodging        | |  1.7
Spellcasting   | |  0.4

Action                   || total
-------------------------++-------
Melee: Dagger            ||    60
       Punch             ||     1
Throw: Dart              ||    10
 Stab: Sleeping          ||     8
Armor: Robe              ||     7
Dodge: Dodged            ||    45
Block: Buckler           ||     1
